 Dungeon Crawl Stone Soup version 0.30-a0-509-gd016549fea (webtiles) character file.

Game seed: 8753935190666857313

2419 PyroL the Chiller (level 9, -1/54 (61) HPs)
             Began as an Octopode Transmuter on Dec 23, 2022.
             Slain by Joseph
             ... wielding a +6 quarterstaff
              (23 damage)
             ... on level 7 of the Dungeon.
             The game lasted 00:23:51 (6736 turns).

PyroL the Chiller (Octopode Transmuter)             Turns: 6736, Time: 00:23:51

HP:   -1/54 (61)    AC:  6    Str: 10    XL:     9   Next: 48%
MP:   11/13         EV: 19    Int: 19    God:
Gold: 443           SH:  0    Dex: 17    Spells: 5/14 levels left

rFire   . . .      SeeInvis .      - Unarmed
rCold   . . .      Faith    .    (shield currently unavailable)
rNeg    . . .      Spirit   .    (helmet currently unavailable)
rPois   x          Reflect  .    (no amulet)
rElec   .          Harm     .    h - +4 ring of protection
rCorr   .          Rampage  .    (no ring)
Will    .....                    (no ring)
Stlth   +++.......               (no ring)
HPRegen 0.29/turn                (no ring)
MPRegen 0.13/turn                (no ring)
                                 (no ring)
                                 (no ring)

@: spider-form (expiring), heavily drained
A: venomous fangs, almost no armour, (amphibious), 8 rings, tiny, (camouflage
1), (gelatinous body 1), (nimble swimmer 1), (tentacles)
a: End Transformation


You were on level 7 of the Dungeon.
You were a venomous arachnid creature.
You visited 2 branches of the dungeon, and saw 8 of its levels.

You collected 443 gold pieces.

Inventory:

Missiles
 b - 23 poisoned darts
 i - 11 curare-tipped darts
 w - a throwing net
Armour
 n - a +1 buckler (melded)
Jewellery
 h - a +4 ring of protection (left front leg)
 k - a ring of ice
Wands
 m - a wand of light (2)
 o - a wand of digging (5)
Scrolls
 c - a scroll of enchant armour
 e - a scroll of fog
 g - 2 scrolls of blinking
 q - a scroll of vulnerability
 u - a scroll of teleportation {unknown}
 v - a scroll of enchant weapon {unknown}
Potions
 a - a potion of lignification
 d - 5 potions of curing
 j - a potion of attraction
 l - a potion of haste
 p - 4 potions of flight
 r - a potion of heal wounds
 s - a potion of invisibility {unknown}
 t - a potion of magic {unknown}


   Skills:
 - Level 5.0 Fighting
 + Level 0.8 Throwing
 - Level 2.0 Dodging
 - Level 5.0 Stealth
 - Level 4.0 Shields
 - Level 5.0 Unarmed Combat
 - Level 3.0 Spellcasting
 * Level 5.2 Transmutations
 - Level 5.7 Ice Magic
 - Level 4.2 Poison Magic
 + Level 0.9 Evocations


You had 5 spell levels left.
You knew the following spells:

 Your Spells              Type           Power      Damage    Failure   Level
a - Beastly Appendage     Tmut           44%        N/A       8%          1
b - Wereblood             Tmut           22%        N/A       10%         2
c - Spider Form           Tmut/Pois      20%        N/A       19%         3
d - Ozocubu's Armour      Ice            24%        N/A       13%         3

Your spell library contained the following spells:

 Spells                   Type           Power      Damage    Failure   Level
 Ice Form                 Ice/Tmut       23%        N/A       34%         4
 Scorch                   Fire           4%         2d5       43%         2
 Flame Wave               Conj/Fire      2%         2d4       94%         4
 Summon Cactus Giant      Summ           1%         N/A       100%        6
 Ozocubu's Refrigeration  Ice            12%        4d10      100%        7


Dungeon Overview and Level Annotations

Branches:
Dungeon (7/15)             Temple (1/1) D:7

Altars:
Ashenzari
Cheibriados
Dithmenos
Elyvilon
Fedhas
Kikubaaqudgha
Makhleb
Nemelex Xobeh
Okawaru
Qazlal
Ru
Sif Muna
Trog
Uskayaw
Vehumet
Wu Jian
Xom
Yredelemnul
Zin
The Shining One

Annotations:
D:6 3 runed translucent doors, zishaf's ghost, novice TeAE
D:7 Joseph


Innate Abilities, Weirdness & Mutations

You are a venomous arachnid creature.
You have poisonous fangs.
You are tiny and dextrous.
Your spellcasting is less reliable in this form.
Your armour is entirely melded.
You are incapable of wielding weapons or throwing items.
You cannot wear most types of armour.
((You are amphibious.))
You can wear up to eight rings at the same time.
((Your skin changes colour to match your surroundings (Stealth+).))
((Your rubbery body absorbs attacks. (AC +1, EV +1)))
((You are camouflaged when in or above water. (Stealth+)))
((You have tentacles for arms and can constrict up to eight enemies at once.))


Message History

Joseph wields a +0 sling.
Joseph shoots a sling bullet.
The sling bullet misses you.
Joseph unwields a +0 sling.
Joseph wields a +6 quarterstaff.
Joseph hits you with a +6 quarterstaff!
You hit Joseph.
Joseph is poisoned.
Joseph is lightly wounded.
Joseph barely misses you.
You barely miss Joseph.
Joseph is lightly wounded.
Joseph completely misses you.
You hit Joseph.
Joseph looks as sick as possible!
Joseph is moderately wounded.
Joseph misses you.
You hit Joseph.
Joseph looks as sick as possible!
Joseph is moderately wounded.
Joseph completely misses you.
You bite Joseph!
Joseph looks as sick as possible!
Joseph is heavily wounded.
You barely miss Joseph.
Joseph is heavily wounded.
Your transformation is almost over.
Joseph drinks a potion.
Joseph is healed!
You hit Joseph.
Joseph looks as sick as possible!
Joseph is moderately wounded.
Joseph says, "I'm here to kill trespassers.
I like my job."
Joseph completely misses you.
You hit Joseph but do no damage.
Joseph looks as sick as possible!
Joseph is moderately wounded.
Joseph hits you with a +6 quarterstaff.
You bite Joseph!
Joseph looks as sick as possible!
Joseph is heavily wounded.
Joseph hits you with a +6 quarterstaff.
You bite Joseph!
Joseph looks as sick as possible!
Joseph is severely wounded.
Joseph hits you with a +6 quarterstaff!
* * * LOW HITPOINT WARNING * * *
You hit Joseph but do no damage.
Joseph looks as sick as possible!
Joseph is severely wounded.
Joseph hits you with a +6 quarterstaff!!
You die...

###
#<# .
#s#
#.@#
#..#
K
#...
.
##..#
# ...
.
#..#
#
....
... #
..z..


You could see Joseph (extremely poisoned).

Vanquished Creatures
  Grinder (D:6)
  A water moccasin (D:6)
  Pargi (D:4)
  A sky beast (D:6)
  2 ogres
  A centaur (D:5)
  3 kobold brigands (D:6)
  A phantom (D:4)
  Blork the orc (D:4)
  3 bullfrogs
  A necrophage (D:6)
  A gnoll sergeant (D:4)
  3 scorpions (D:6)
  3 wights
  3 hounds
  A jelly (D:4)
  5 orc priests
  Jessica (D:2)
  3 iguanas
  An orc wizard (D:3)
  Ijyb (D:4)
  9 gnolls (D:4)
  5 adders
  A white imp (D:5)
  3 dart slugs
  21 orcs
  8 endoplasms
  3 giant cockroaches
  8 hobgoblins
  4 jackals (D:1)
  4 quokkas
  14 ball pythons
  6 bats
  4 frilled lizards
  14 goblins
  23 kobolds
  8 rats
173 creatures vanquished.

Vanquished Creatures (others)
  An orc wizard (D:4)
  An orc (D:4)
  A goblin (D:6)
3 creatures vanquished.

Grand Total: 176 creatures vanquished

Notes
Turn   | Place    | Note
-------+----------+-------------------------------------------
     0 | D:1      | PyroL the Octopode Transmuter began the quest for the Orb.
     0 | D:1      | Reached XP level 1. HP: 13/13 MP: 3/3
    51 | D:1      | Reached XP level 2. HP: 8/18 MP: 3/5
   215 | D:1      | Learned a level 2 spell: Wereblood
   485 | D:1      | Reached XP level 3. HP: 23/23 MP: 1/6
   585 | D:1      | Reached skill level 1 in Poison Magic
  1052 | D:2      | Noticed Jessica
  1071 | D:2      | Killed Jessica
  1072 | D:2      | Reached XP level 4. HP: 22/28 MP: 5/7
  1287 | D:2      | Noticed an ogre
  1296 | D:2      | Learned a level 3 spell: Spider Form
  1484 | D:2      | Killed an ogre
  1485 | D:2      | Reached XP level 5. HP: 33/33 MP: 8/8
  1703 | D:3      | Found a hide-covered altar of Uskayaw.
  1881 | D:3      | Found a sparkling altar of Nemelex Xobeh.
  1991 | D:3      | Reached XP level 6. HP: 38/38 MP: 3/9
  2426 | D:4      | Noticed Blork the orc
  2447 | D:4      | Killed Blork the orc
  2448 | D:4      | Reached skill level 5 in Transmutations
  2638 | D:4      | Noticed Pargi
  2653 | D:4      | Killed Pargi
  2654 | D:4      | Reached XP level 7. HP: 30/43 MP: 7/10
  2767 | D:4      | Reached skill level 5 in Stealth
  3065 | D:4      | Noticed Ijyb
  3103 | D:4      | Killed Ijyb
  3531 | D:4      | Reached skill level 1 in Shields
  3568 | D:4      | Reached skill level 5 in Unarmed Combat
  3754 | D:4      | Reached XP level 8. HP: 46/48 MP: 3/11
  4045 | D:5      | Entered Level 5 of the Dungeon
  4925 | D:6      | Reached skill level 5 in Fighting
  4985 | D:6      | Reached skill level 1 in Ice Magic
  5068 | D:6      | Reached XP level 9. HP: 61/61 MP: 7/13
  5284 | D:6      | Noticed Grinder
  5309 | D:6      | Paralysed by Grinder for 4 turns
  5313 | D:6      | Killed Grinder
  5504 | D:6      | Found a bloodstained altar of Trog.
  5533 | D:6      | Found a runed translucent gate.
  5533 | D:6      | Found a runed translucent gate.
  5533 | D:6      | Noticed zishaf's ghost (novice TeAE)
  5534 | D:6      | Found a runed translucent gate.
  5716 | D:6      | Reached skill level 5 in Ice Magic
  6097 | D:7      | Found a staircase to the Ecumenical Temple.
  6114 | Temple   | Entered the Ecumenical Temple
  6335 | D:7      | Learned a level 3 spell: Ozocubu's Armour
  6348 | D:7      | Noticed a kobold demonologist
  6723 | D:7      | Noticed Joseph
  6736 | D:7      | Slain by Joseph

Illustrated notes

Levels and vault maps discovered:
D:1:      elethiomel_arrival_infinity_welcomes_careful_drivers, layout_rooms,
          minivault_19
D:2:      layout_rooms, minmay_misc_feat_plants, uniq_jessica
D:3:      layout_rooms, nemelex_diamond_rough_becter,
          nicolae_uskayaw_murder_on_the_dancefloor, kennysheep_doodads,
          minmay_fractal_squares_diagonal_5
D:4:      layout_loops_corners, minmay_hedge_maze, uniq_ijyb, uniq_pargi,
          uniq_blork_the_orc
D:5:      layout_basic
D:6:      layout_basic, trog_hazing_becter, ebering_ghost_rock_garden,
          roderic_serpentine_path, uniq_grinder
D:7:      layout_basic, minmay_temple_entry_glass, enter_bailey_3,
          minmay_crossroads, uniq_crazy_yiuf_cottage, uniq_joseph
Temple:   minmay_crystal_spiral_temple

Skill      XL: |  1  2  3  4  5  6  7  8  9 |
---------------+----------------------------+-----
Poison Magic   | 2 3 4 |  4.2
Transmutations | 3 4 5 |  5.2
Stealth        | 4 5 |  5.0
Unarmed Combat | 5 |  5.0
Shields        | 2 4 |  4.0
Fighting       | 5 |  5.0
Ice Magic      | 2 5 |  5.7
Spellcasting   | 3 |  3.0
Throwing       | |  0.8
Dodging        | |  2.0
Evocations     | |  0.9

Action                   |  1- 3 |  4- 6 |  7- 9 || total
-------------------------+-------+-------+-------++-------
Melee: Unarmed           |    82 |   107 |   318 ||   507
       Constrict         |    27 |    17 |     4 ||    48
       Tentacles         |    26 |    13 |     3 ||    42
       Kick              |    19 |    22 |     3 ||    44
       Punch             |     5 |     1 |     2 ||     8
Throw: Dart              |       |    11 |       ||    11
 Cast: Beastly Appendage |    21 |    22 |     6 ||    49
       Wereblood         |     1 |     4 |    12 ||    17
       Spider Form       |       |     8 |    34 ||    42
  Use: Scroll            |       |       |    10 ||    10
       Potion            |       |       |     1 ||     1
 Stab: Sleeping          |     2 |     3 |     8 ||    13
Armor: Skin              |     3 |    28 |    53 ||    84
Dodge: Dodged            |    41 |    90 |   254 ||   385
Block: Buckler           |       |       |     1 ||     1

Table legend: (Time is in decaauts)
 A = Elapsed time spent in this place.
 B = Non-inter-level travel time spent in this place.
 C = Inter-level travel time spent in this place.
 D = Time resting spent in this place.
 E = Time spent auto-exploring this place.
 F = Levels seen in this place.
 G = Mean time per level.
                   A        B        C        D        E       F      G
               +--------+--------+--------+--------+--------+-----+--------+
         Total |   6700 |   6484 |    216 |    732 |   4073 |   8 |  837.5 |
       Dungeon |   6489 |   6356 |    133 |    732 |   3962 |   7 |  927.0 |
        Temple |    210 |    127 |     83 |      0 |    111 |   1 |  210.0 |
               +--------+--------+--------+--------+--------+-----+--------+

Top non-repeatable levels by time:
     D:4: 1637 daAuts
     D:6: 1574 daAuts
     D:1: 1113 daAuts
     D:3: 798 daAuts
     D:5: 679 daAuts
     D:2: 477 daAuts
  Temple: 210 daAuts
     D:7: 208 daAuts
